 Dungeon Crawl Stone Soup version 0.27-a0-1347-gd8886f0a89 (webtiles) character file.

Game seed: 18025717027884910536

99 Shayle the Sneak (level 4, -8/39 HPs)
             Began as a Naga Hedge Wizard on June 27, 2021.
             Mangled by Sigmund (10 damage)
             ... on level 3 of the Dungeon.
             The game lasted 00:10:02 (3284 turns).

Shayle the Sneak (Naga Hedge Wizard)                Turns: 3284, Time: 00:10:02

Health: -8/39      AC:  2    Str: 12    XL:     4   Next: 72%
Magic:  1/8        EV: 10    Int: 16    God:
Gold:   72         SH:  0    Dex: 10    Spells: 3/9 levels left

rFire    . . .     SeeInvis +   a - +0 dagger
rCold    . . .     Faith    .   (no shield)
rNeg     . . .     Spirit   .   b - +0 robe
rPois    +         Reflect  .   c - +0 hat
rElec    .         Harm     .   (no cloak)
rCorr    .         Rampage  .   (no gloves)
Will     .....                  (no barding)
Stlth    ++........             (no amulet)
HPRegen  0.13/turn              (no ring)
MPRegen  0.11/turn              (no ring)

@: brilliant, very slightly contaminated, very slow
A: AC +1, large, see invisible, deformed body, poison resistance, slowness 2,
spit poison 1, naga tail 1
a: Spit Poison


You were on level 3 of the Dungeon.
You visited 1 branch of the dungeon, and saw 3 of its levels.

You collected 72 gold pieces.

Inventory:

Hand Weapons
 a - a +0 dagger (weapon)
Armour
 b - a +0 robe (worn)
 c - a +0 hat (worn)
Scrolls
 e - 2 scrolls of noise
 g - a scroll of teleportation
 h - a scroll of identify
Potions
 d - 2 potions of degeneration


   Skills:
 + Level 2.2 Fighting
 + Level 2.5 Dodging
 - Level 3.0 Stealth
 - Level 3.0 Spellcasting
 - Level 1.0 Conjurations
 - Level 1.0 Summonings
 - Level 1.0 Translocations
 + Level 2.4 Invocations


You had 3 spell levels left.
You knew the following spells:

 Your Spells              Type           Power      Damage    Failure   Level
a - Magic Dart            Conj           32%        1d4       12%         1
b - Call Imp              Summ           8%         N/A       19%         2
c - Conjure Flame         Conj/Fire      6%         6-21      41%         3

Your spell library contained the following spells:

 Spells                   Type           Power      Damage    Failure   Level
 Blink                    Tloc           N/A        N/A       19%         2
 Slow                     Hex            3%         N/A       28%         2
 Mephitic Cloud           Conj/Pois/Air  5%         N/A       43%         3


Dungeon Overview and Level Annotations

Branches:
Dungeon (3/15)

Altars:

Annotations:
D:3 Sigmund


Innate Abilities, Weirdness & Mutations

Your serpentine skin is tough. (AC +1)
You have supernaturally acute eyesight. (SInv)
Armour fits poorly on your strangely shaped body.
Your system is resistant to poisons. (rPois)
You cover ground very slowly.
You can spit poison.
You have a snake-like lower body.


Message History

Casting: Magic Dart (safe; 12% risk of failure)
Confirm with . or Enter, or press ? or * to list all spells.
Aiming: Magic Dart (safe; 12% risk of failure)
Press: ? - help, Shift-Dir - straight line, f/p - Sigmund
Aim: Sigmund, wielding a +0 scythe and wearing a +0 robe of fire resistance (moderately wounded, fast, slightly transparent, 100% to hit)
You feel a surge of power!
The magic dart hits Sigmund.
Sigmund is moderately wounded.
Sigmund hits you but does no damage.
Sigmund is no longer moving quickly.
Sigmund breathes a few words.
Sigmund's hands start flickering wildly.
Sigmund hits you but does no damage. x2
Sigmund hits you but does no damage.
Your magical contamination has completely faded away.
Sigmund hits you but does no damage. Sigmund hits you but does no damage.
Sigmund hits you but does no damage. Sigmund hits you but does no damage.
Sigmund casts a spell at you.
The magic dart hits you but does no damage.
Your transformation is almost over.
Sigmund hits you from afar with a +0 scythe!
* * * LOW HITPOINT WARNING * * *
Sigmund hits you but does no damage. Sigmund hits you but does no damage.
Sigmund hits you but does no damage. Sigmund barely misses you.
Sigmund hits you from afar with a +0 scythe.
* * * LOW HITPOINT WARNING * * *
Sigmund hits you but does no damage.
Casting: Magic Dart (safe; 12% risk of failure)
Confirm with . or Enter, or press ? or * to list all spells.
You feel a surge of power!
You miscast Call Imp.
You are very lightly contaminated with residual magic.
Nothing appears to happen.
Sigmund hits you but does no damage. Sigmund hits you but does no damage.
You feel less wooden.
Your +0 hat unmelds from your body.
Your +0 robe unmelds from your body.
Sigmund hits you from afar with a +0 scythe!
You die...

#.#####...>..##
#.......######
#..###......#
#......##########
#................
.###................
....#...............
..#...........$......
#.....@.@..........
....................
.#..................
#.########...........
#...........
#...........
###.....#### #.....#


You could see Sigmund.

Vanquished Creatures
  An adder (D:2)
  4 dart slugs
  4 endoplasms
  A giant cockroach (D:1)
  5 goblins
  9 hobgoblins
  7 jackals (D:2)
  2 quokkas
  5 ball pythons
  2 bats
  2 frilled lizards
  4 kobolds
  6 rats
52 creatures vanquished.

Vanquished Creatures (collateral kills)
  Jessica (D:3)
  2 adders
  An endoplasm (D:2)
  A goblin (D:2)
  A jackal (D:2)
  A kobold (D:2)
7 creatures vanquished.

Grand Total: 59 creatures vanquished

Notes
Turn   | Place    | Note
-------+----------+-------------------------------------------
     0 | D:1      | Shayle the Naga Hedge Wizard began the quest for the Orb.
     0 | D:1      | Reached XP level 1. HP: 15/15 MP: 4/4
   207 | D:1      | Reached XP level 2. HP: 24/24 MP: 0/6
   353 | D:1      | Reached skill level 1 in Invocations
   425 | D:1      | Reached skill level 1 in Fighting
  1219 | D:1      | Found a faded altar of an unknown god.
  1240 | D:1      | Reached XP level 3. HP: 31/31 MP: 2/7
  1890 | D:1      | Learned a level 2 spell: Call Imp
  1894 | D:1      | Learned a level 3 spell: Conjure Flame
  2483 | D:2      | Reached XP level 4. HP: 39/39 MP: 6/8
  3208 | D:3      | Noticed Jessica
  3209 | D:3      | Noticed Sigmund
  3218 | D:3      | Killed Jessica
  3280 | D:3      | HP: 2/58 [Sigmund (3)]
  3284 | D:3      | Mangled by Sigmund

Illustrated notes

Levels and vault maps discovered:
D:1:      dpeg_arrival_three_smaller_balls, layout_basic, serial_forest,
          infiniplex_forest_clump_tiny, infiniplex_forest_end_2,
          infiniplex_forest_lined_1, infiniplex_forest_lined_4_way,
          infiniplex_forest_corner_2, infiniplex_forest_lined_4_way,
          infiniplex_forest_clump_small, infiniplex_forest_zigzag_1,
          infiniplex_forest_clump_large, basic_ecumenical_altar,
          kennysheep_decorative_pillar
D:2:      layout_rooms, feat_on_display
D:3:      layout_basic, corexii_shack, uniq_sigmund, uniq_jessica

Skill      XL: |  1  2  3  4 |
---------------+-------------+-----
Invocations    | 1 2 |  2.4
Fighting       | 1 2 |  2.2
Dodging        | 2 |  2.5
Stealth        | |  3.0
Spellcasting   | |  3.0
Conjurations   | |  1.0
Summonings     | |  1.0
Translocations | |  1.0

Action                   |  1- 3 |  4- 6 || total
-------------------------+-------+-------++-------
Melee: Dagger            |    48 |    68 ||   116
 Cast: Magic Dart        |    42 |     2 ||    44
       Call Imp          |     6 |     7 ||    13
 Abil: Spit Poison       |    32 |     8 ||    40
  Use: Scroll            |       |     4 ||     4
       Potion            |       |     3 ||     3
 Stab: Sleeping          |     2 |       ||     2
Armor: Robe              |     8 |    13 ||    21
       Skin              |       |    24 ||    24
Dodge: Dodged            |    43 |    43 ||    86

Table legend: (Time is in decaauts)
 A = Elapsed time spent in this place.
 B = Non-inter-level travel time spent in this place.
 C = Inter-level travel time spent in this place.
 D = Time resting spent in this place.
 E = Time spent auto-exploring this place.
 F = Levels seen in this place.
 G = Mean time per level.
                   A        B        C        D        E       F      G
               +--------+--------+--------+--------+--------+-----+--------+
         Total |   3876 |   3818 |     58 |    488 |   2607 |   3 | 1292.0 |
       Dungeon |   3876 |   3818 |     58 |    488 |   2607 |   3 | 1292.0 |
               +--------+--------+--------+--------+--------+-----+--------+

Top non-repeatable levels by time:
     D:1: 2300 daAuts
     D:2: 1432 daAuts
     D:3: 144 daAuts
